 Dungeon Crawl Stone Soup version 0.26.1-2-gb8aa6d0cf2 (webtiles) character file.

Game seed: 12789667690729624198

1717 Ladykiller69 the Carver (level 8, -3/71 HPs)
             Began as a Minotaur Gladiator on Mar 18, 2021.
             Slain by an unseen horror (7 damage)
             ... on level 6 of the Dungeon.
             The game lasted 00:10:04 (7103 turns).

Ladykiller69 the Carver (Minotaur Gladiator)        Turns: 7103, Time: 00:10:04

Health: -3/71      AC:  4    Str: 21 (22) XL:     8   Next: 74%
Magic:  7/7        EV: 14    Int:  3 (5)  God:
Gold:   331        SH:  0    Dex:  9 (11) Spells: 7/7 levels left

rFire    . . .     SeeInvis .   y - +5 falchion
rCold    . . .     Faith    .   (no shield)
rNeg     . . .     Spirit   .   b - +0 leather armour
rPois    .         Reflect  .   c - +0 hat
rElec    .         Harm     .   (no cloak)
rCorr    .         Rampage  .   C - +0 pair of gloves
Will     .....                  (no boots)
Stlth    +.........             (no amulet)
HPRegen  0.21/turn              (no ring)
MPRegen  0.10/turn              (no ring)

@: no status effects
A: retaliatory headbutt, horns 2
a: no special abilities


You were on level 6 of the Dungeon.
You visited 2 branches of the dungeon, and saw 8 of its levels.

You collected 331 gold pieces.

Inventory:

Hand Weapons
 y - a +5 falchion (weapon)
Missiles
 d - 4 throwing nets
 f - 40 poisoned darts (quivered)
 u - 3 javelins
Armour
 b - a +0 leather armour (worn)
 c - a +0 hat (worn)
 B - a +0 plate armour
 C - a +0 pair of gloves (worn)
Jewellery
 l - an uncursed ring of willpower {unknown}
 p - an uncursed ring of resist corrosion {unknown}
 t - a +4 ring of slaying {unknown}
 v - an uncursed ring of poison resistance
 z - an uncursed amulet of regeneration {unknown}
Wands
 w - a wand of polymorph (11)
Scrolls
 e - 7 scrolls of remove curse {unknown}
 g - 2 scrolls of random uselessness {unknown}
 h - 8 scrolls of identify {unknown}
 i - a scroll of blinking {unknown}
 k - a scroll of immolation {unknown}
 q - 2 scrolls of teleportation {unknown}
 x - 2 scrolls of enchant armour {unknown}
 A - a scroll of amnesia {unknown}
 D - a scroll of enchant weapon {unknown}
 E - a scroll of torment {unknown}
Potions
 a - a potion of curing
 j - 2 potions of degeneration
 m - a potion of brilliance {unknown}
 n - a potion of flight
 o - a potion of lignification
 r - a potion of heal wounds {unknown}
 s - a potion of haste


   Skills:
 + Level 6.9 Fighting
 * Level 9.9 Long Blades
 - Level 2.0 Throwing
 + Level 2.8 Armour
 + Level 6.8 Dodging


You had 7 spell levels left.
You didn't know any spells.
Your spell library contained the following spells:

 Spells                   Type           Power        Failure   Level
 Summon Small Mammal      Summ           0%           56%         1
 Call Imp                 Summ           0%           71%         2
 Call Canine Familiar     Summ           0%           91%         3
 Summon Guardian Golem    Hex/Summ       0%           91%         3
 Summon Ice Beast         Ice/Summ       0%           100%        4
 Summon Lightning Spire   Summ/Air       0%           100%        4


Dungeon Overview and Level Annotations

Branches:
Dungeon (7/15)             Temple (1/1) D:5

Altars:
Ashenzari
Cheibriados
Dithmenos
Fedhas
Gozag
Hepliaklqana
Kikubaaqudgha
Makhleb
Nemelex Xobeh
Okawaru
Qazlal
Ru
Sif Muna
Trog
Uskayaw
Vehumet
Xom
Yredelemnul
Zin
The Shining One


Innate Abilities, Weirdness & Mutations

You reflexively headbutt those who attack you in melee.
You have a pair of horns on your head.


Message History

You feel better. Something hits you.
* * * LOW HITPOINT WARNING * * *
You hit the orc wizard.
The orc wizard is moderately wounded.
The orc wizard misses you.
You barely miss the orc wizard.
The orc wizard is moderately wounded.
The orc wizard hits you but does no damage.
There is a stone staircase leading up here.
Something hits you.
* * * LOW HITPOINT WARNING * * *
The orc wizard gestures at you while chanting.
The puff of flame hits something.
Something hits you.
* * * LOW HITPOINT WARNING * * *
You climb upwards.
Reactivating autopickup.
There is a stone staircase leading down here.
Deactivating autopickup; reactivate with Ctrl-A.
You slash something! Your headbutt misses something. Something hits you!
You die...

##.......##.).....###......##
##......#...##............##
##.....(....####.........(.#
##.####.....## ###.....##.(.
##..# ###....# ##...####(.
##...## ##...# #...# ##(
#.....## #...# ##.## #.
##.....## #.{.# #.# ##
#......## ##.@# ##.### #(
##......## #..### #....####.
#........###....#########.....
#>#.......####.....# ####..
#.###..##.# ##...## ##. ##
####### ##### ##


There were no monsters in sight!

Vanquished Creatures
  5 ogres
  A bullfrog (D:6)
  3 scorpions (D:6)
  4 wights (D:5)
  2 bullfrog zombies
  3 hounds
  2 jellies (D:6)
  5 orc wizards
  4 orc priests
  Jessica (D:3)
  A bullfrog skeleton (D:6)
  An iguana (D:5)
  3 worker ants
  A mummy (D:4)
  3 gnolls (D:5)
  8 adders
  A white imp (D:7)
  An ufetubus (D:6)
  An ooze (D:2)
  2 worms (D:2)
  4 dart slugs
  14 leopard geckos
  32 orcs
  2 ball pythons (D:3)
  3 giant cockroaches
  9 goblins
  6 hobgoblins
  7 jackals
  4 kobolds
  2 quokkas
  9 bats
  5 frilled lizards
  A leopard gecko skeleton (D:4)
  6 rats
156 creatures vanquished.

Vanquished Creatures (others)
  7 plants (D:5)
7 creatures vanquished.

Grand Total: 163 creatures vanquished

Notes
Turn   | Place    | Note
-------+----------+-------------------------------------------
     0 | D:1      | Ladykiller69 the Minotaur Gladiator began the quest for the
                  | Orb.
     0 | D:1      | Reached XP level 1. HP: 18/18 MP: 0/0
   113 | D:1      | Reached skill level 4 in Long Blades
   160 | D:1      | Reached XP level 2. HP: 25/25 MP: 1/1
   595 | D:1      | Reached XP level 3. HP: 22/31 MP: 2/2
   936 | D:2      | Found a sacrificial altar of Ru.
  1118 | D:2      | Reached skill level 5 in Long Blades
  1118 | D:2      | Reached XP level 4. HP: 28/38 MP: 3/3
  1841 | D:3      | Found a snail-covered altar of Cheibriados.
  1864 | D:3      | Noticed Jessica
  1871 | D:3      | Killed Jessica
  1872 | D:3      | Reached XP level 5. HP: 31/46 MP: 4/4
  2275 | D:3      | Found a burning altar of Makhleb.
  2278 | D:3      | Found a shimmering altar of Xom.
  2281 | D:3      | Found a radiant altar of Vehumet.
  2727 | D:4      | Reached skill level 6 in Long Blades
  3193 | D:4      | Reached XP level 6. HP: 46/52 MP: 5/5
  3338 | D:4      | Found a blossoming altar of Fedhas.
  3360 | D:4      | Found a sand-covered staircase.
  3450 | D:4      | Reached skill level 5 in Dodging
  3515 | D:4      | Found an ancient bone altar of Kikubaaqudgha.
  3738 | D:5      | Entered Level 5 of the Dungeon
  3749 | D:4      | Reached skill level 7 in Long Blades
  3955 | D:5      | Found an iron altar of Okawaru.
  3963 | D:5      | Reached XP level 7. HP: 49/60 MP: 6/6
  4073 | D:5      | Reached skill level 5 in Fighting
  4337 | D:5      | Found a staircase to the Ecumenical Temple.
  4347 | Temple   | Entered the Ecumenical Temple
  4613 | D:5      | Found a shimmering blue altar of Sif Muna.
  4628 | D:5      | Reached skill level 8 in Long Blades
  4796 | D:5      | Reached XP level 8. HP: 70/70 MP: 7/7
  4998 | D:5      | Reached skill level 9 in Long Blades
  5336 | D:6      | Reached skill level 1 in Armour
  7103 | D:6      | Slain by an unseen horror

Illustrated notes

Levels and vault maps discovered:
D:1:      dpeg_arrival_round_a, layout_loops_ring, st_stairs_5
D:2:      layout_rooms, nrook_campfire, nicolae_ru_awakened_eye
D:3:      layout_basic, grunt_temple_overflow_diamond, kennysheep_slug_shrine,
          uniq_jessica
D:4:      layout_cave_pools, grunt_temple_overflow_growth_and_decay,
          gup_ossuary_entry_pyramid, grunt_ministairs_11
D:5:      layout_loops_ring, okawaru_gym_becter, lemuel_crystal_altar,
          minmay_temple_entry_waves, minmay_lizard_king
D:6:      layout_layer_cave
D:7:      layout_basic, serial_shops, nicolae_shop_waterfront,
          minmay_three_doors
Temple:   minmay_temple_bridge_abc

Skill      XL: |  1  2  3  4  5  6  7  8 |
---------------+-------------------------+-----
Long Blades    | 4 5 6 7 8 9 |  9.9
Fighting       | 3 4 6 |  6.9
Dodging        | 4 5 6 |  6.8
Armour         | 2 |  2.8
Throwing       | |  2.0

Action                   |  1- 3 |  4- 6 |  7- 9 || total
-------------------------+-------+-------+-------++-------
Melee: Long sword        |    63 |    98 |    39 ||   200
       Headbutt          |     9 |    26 |    29 ||    64
       Falchion          |       |       |   127 ||   127
Throw: Dart              |       |    18 |     1 ||    19
       Throwing net      |       |     3 |     1 ||     4
       Javelin           |       |       |     4 ||     4
Evoke: Wand              |       |       |     1 ||     1
  Use: Potion            |       |       |     5 ||     5
 Stab: Sleeping          |       |     1 |       ||     1
Armor: Leather armour    |    12 |    15 |    18 ||    45
       Skin              |       |       |     4 ||     4
Dodge: Dodged            |    57 |    82 |   120 ||   259
       Rpst.: Long sword |    12 |    19 |     3 ||    34
       Falchion          |       |       |    27 ||    27
